 Dungeon Crawl Stone Soup version 0.32-a0-871-ge202e49faa (webtiles) character file.

Game seed: 4877016827428105586

8104 Autsider the Grappler (level 11, -7/107 HPs)
             Began as a Troll Fighter on Mar 29, 2024.
             Was an Initiate of Wu Jian.
             Mangled by a troll (12 damage)
             ... on level 9 of the Dungeon.
             The game lasted 00:27:12 (7388 turns).

Autsider the Grappler (Troll Fighter)               Turns: 7388, Time: 00:27:12

Health: -7/107     AC:  4    Str: 26    XL:     11   Next: 5%
Magic:  11/11      EV: 15    Int:  4    God:    Wu Jian [......]
Gold:   483        SH: 11    Dex: 13    Spells: 12/12 levels left

rFire   . .          .
                       - Unarmed
rCold   . . .        b - +1 kite shield
rNeg    . . .        a - +0 robe
rPois   .            (helmet restricted)
rElec   .            (no cloak)
rCorr   .            (gloves unavailable)
SInv    .            (boots unavailable)
Will    .....        (no amulet)
Stlth   +            p - +5 ring of evasion
HPRegen 1.17/turn    i - ring of flight
MPRegen 0.12/turn

%: no passive effects
@: mighty, flying
A: large, unfitting armour, claws 3, regeneration 1, shaggy fur 1, tough skin 1
a: Renounce Religion


You were on level 9 of the Dungeon.
You worshipped Wu Jian.
Wu Jian was noncommittal.
You visited 2 branches of the dungeon, and saw 10 of its levels.
You also visited: Sewer.

You collected 483 gold pieces.

Inventory:

Missiles
 l - 6 datura-tipped darts (quivered)
Armour
 a - a +0 robe (worn)
 b - a +1 kite shield (worn)
Jewellery
 d - a ring of magical power
 i - a ring of flight (right claw)
 p - a +5 ring of evasion (left claw)
 s - an amulet of guardian spirit
 u - a +6 ring of strength
Wands
 j - a wand of polymorph (37)
Scrolls
 f - 3 scrolls of identify
 g - 2 scrolls of amnesia
 m - 2 scrolls of teleportation
 r - a scroll of silence
 w - a scroll of blinking {unknown}
 x - a scroll of noise {unknown}
Potions
 e - 2 potions of curing
 h - 2 potions of heal wounds
 k - a potion of attraction
 n - 2 potions of enlightenment
 o - a potion of resistance
 q - a potion of brilliance
 t - a potion of invisibility
 v - 2 potions of degeneration {unknown}


   Skills:
 + Level 6.8 Fighting
 + Level 6.8 Dodging
 + Level 7.4 Shields
 * Level 10.8 Unarmed Combat
 + Level 1.2 Spellcasting
 + Level 1.5 Translocations


You had 12 spell levels left.
You didn't know any spells.
Your spell library contained the following spells:

 Spells                   Type           Power      Damage    Failure   Level
 Apportation              Tloc           2%         N/A       45%         1
 Necrotise                Necr           0%         1d4       67%         1
 Sting                    Conj/Alch      0%         1d3       67%         1
 Summon Small Mammal      Summ           0%         N/A       67%         1
 Scorch                   Fire           0%         2d5       80%         2
 Passage of Golubria      Tloc           1%         N/A       99%         4
 Flame Wave               Conj/Fire      0%         2d4       100%        4
 Silence                  Hex/Air        0%         N/A       100%        5
 Summon Cactus Giant      Summ           0%         N/A       100%        6
 Lehudib's Crystal Spear  Conj/Erth      0%         10d2      100%        8


Dungeon Overview and Level Annotations

Branches:
Dungeon (9/15)             Temple (1/1) D:7            Lair (0/5) D:8
  Sewer (visited)
    Orc: D:9-12

Altars:
Ashenzari
Cheibriados
Dithmenos
Elyvilon
Fedhas
Gozag
Hepliaklqana
Kikubaaqudgha
Makhleb
Okawaru
Qazlal
Ru
Sif Muna
Uskayaw
Vehumet
Wu Jian
Xom
Yredelemnul
Zin
The Shining One

Shops:
D:2 =?=

Annotations:
D:8 3 runed translucent doors, Nilihum's ghost, novice DrAE


Innate Abilities, Weirdness & Mutations

You are too large for most types of armour.
You have claws for hands.
Your natural rate of healing is unusually fast.
You are covered in fur. (AC +1)
You have tough skin. (AC +1)


Message History

* * * LOW HITPOINT WARNING * * *
You block the tengu warrior's attack.
You scratch the tengu warrior.
The tengu warrior is severely wounded.
The tengu warrior barely misses you.
The tengu warrior completely misses you.
The tengu warrior claws you!
* * * LOW HITPOINT WARNING * * *
You claw the tengu warrior!
The tengu warrior is almost dead.
The tengu warrior hits you with a +0 war axe!!
* * * LOW HITPOINT WARNING * * *
You block the tengu warrior's attack. x2
You claw the tengu warrior!
You kill the tengu warrior!
The Council accepts your kill.
You have reached level 11!
Items here: ) [[ †.
c - a +2 buckler of cold resistance You drop a +2 buckler of cold resistance.
A troll comes into view.
The troll shouts!
You are too injured to fight recklessly!
You claw the troll!
The troll is moderately wounded.
You block the troll's attack. The troll claws you.
* * * LOW HITPOINT WARNING * * *
The troll claws you.
* * * LOW HITPOINT WARNING * * *
You barely miss the troll.
The troll is moderately wounded.
The troll bites you!!
* * * LOW HITPOINT WARNING * * *
The troll claws you.
* * * LOW HITPOINT WARNING * * *
You block the troll's attack.
You mangle the troll!!
The troll is almost dead.
The troll bites you!
You die...

# #.##D..##### #
####D##h.## # #....#.≈## #
###############.####.## #
#......##...Q....##..# #
#......##.#####..##.## #
#......##.#......##.# #
#......##.#.#T.#)##.# #
#......##..[@..#.##.## ##
#####......####....#.##..#
.## ...........#
#.......##.##..#
#####......#
#...)....#...# ####'###
#........##..#
#.######.........#..†#
#..........~~....##..~.
########...~~....##.~..≈.
#....~....###...~..


You could see a troll.

Vanquished Creatures
  A two-headed ogre (D:9)
  A tengu warrior (D:9)
  An unseen horror (D:8)
  A troll (D:9)
  A hornet (D:9)
  Prince Ribbit (D:9)
  Sigmund (D:2)
  7 yaks
  3 steam dragons
  A water moccasin (D:7)
  An ice beast (D:5)
  5 orc warriors
  A sky beast (D:6)
  2 wolves (D:8)
  An ogre (D:4)
  A centaur (D:7)
  2 phantoms
  Blork the orc (D:5)
  A kobold brigand (D:7)
  7 bullfrogs
  A gnoll sergeant (D:7)
  3 scorpions
  14 killer bees
  4 howler monkeys
  3 jellies
  7 bombardier beetles
  3 gnoll boudas
  2 hounds (D:5)
  9 orc priests
  6 iguanas
  4 sleepcaps (D:6)
  Terence (D:3)
  12 orc wizards
  19 gnolls
  3 river rats (D:4)
  8 adders
  3 white imps
  A ribbon worm (D:5)
  7 dart slugs
  26 orcs
  5 bats
  8 endoplasms
  7 giant cockroaches
  7 goblins
  12 hobgoblins
  4 jackals (D:2)
  3 quokkas
  18 ball pythons
  17 frilled lizards
  11 kobolds
  8 rats
276 creatures vanquished.

Notes
Turn   | Place    | Note
-------+----------+-------------------------------------------
     0 | D:1      | Autsider the Troll Fighter began the quest for the Orb.
     0 | D:1      | Reached XP level 1. HP: 22/22 MP: 0/0
   353 | D:1      | Reached XP level 2. HP: 29/29 MP: 1/1
   818 | D:2      | Found Kuj Best's Jewellery Boutique.
   851 | D:2      | Reached XP level 3. HP: 36/36 MP: 2/2
   928 | D:2      | Found Cask's Magic Scroll Boutique.
  1082 | D:2      | Reached skill level 3 in Unarmed Combat
  1147 | D:2      | Found Vyirooqo's Jewellery Boutique.
  1254 | D:2      | Noticed Sigmund
  1265 | D:2      | Killed Sigmund
  1266 | D:2      | Reached XP level 4. HP: 17/45 MP: 3/3
  1266 | D:2      | Reached XP level 5. HP: 20/53 MP: 4/4
  1301 | D:2      | Reached skill level 4 in Unarmed Combat
  1578 | D:3      | Found a faded altar of an unknown god.
  1612 | D:3      | Noticed Terence
  1628 | D:3      | Killed Terence
  1643 | D:3      | Found a hazy altar of Hepliaklqana.
  1670 | D:3      | Reached XP level 6. HP: 61/61 MP: 5/5
  2242 | D:4      | Reached skill level 5 in Unarmed Combat
  2242 | D:4      | Reached XP level 7. HP: 64/68 MP: 6/6
  2358 | D:4      | Found a glowing drain.
  2362 | Sewer    | Entered a sewer
  2630 | Sewer    | Identified the staff of Optimality {rPois Int+3 SInv
                  | Alchemy}
  3210 | D:4      | Reached skill level 6 in Unarmed Combat
  3279 | D:5      | Entered Level 5 of the Dungeon
  3386 | D:5      | Reached XP level 8. HP: 58/78 MP: 7/7
  3606 | D:5      | Reached skill level 5 in Shields
  3649 | D:5      | Reached skill level 7 in Unarmed Combat
  3754 | D:5      | Noticed Blork the orc
  3772 | D:5      | Killed Blork the orc
  4050 | D:6      | Reached skill level 5 in Fighting
  4111 | D:6      | Reached skill level 5 in Dodging
  4194 | D:6      | Reached XP level 9. HP: 82/88 MP: 8/8
  4935 | D:7      | Reached skill level 8 in Unarmed Combat
  5025 | D:7      | Found a staircase to the Ecumenical Temple.
  5101 | Temple   | Entered the Ecumenical Temple
  5657 | D:7      | Reached skill level 9 in Unarmed Combat
  5689 | D:7      | Reached XP level 10. HP: 41/98 MP: 9/9
  6130 | D:8      | Reached skill level 10 in Unarmed Combat
  6235 | D:8      | Found a staircase to the Lair.
  6255 | D:8      | Found a runed translucent gate.
  6255 | D:8      | Found a runed translucent gate.
  6256 | D:8      | Found a runed translucent gate.
  6258 | D:8      | Noticed Nilihum's ghost (novice DrAE)
  6371 | D:8      | Found a sacrificial altar of Ru.
  6386 | D:8      | Found a basalt altar of Yredelemnul.
  6389 | D:8      | Found an ornate altar of the Wu Jian Council.
  6393 | D:8      | Found a stormy altar of Qazlal.
  6396 | D:8      | Found a burning altar of Makhleb.
  6404 | D:8      | Became a worshipper of the Wu Jian Council
  6406 | D:8      | Found an ancient bone altar of Kikubaaqudgha.
  6408 | D:8      | Found a glowing silver altar of Zin.
  6412 | D:8      | Found a hide-covered altar of Uskayaw.
  6413 | D:8      | Found a broken altar of Ashenzari.
  6947 | D:9      | Noticed Prince Ribbit
  6976 | D:9      | Killed Prince Ribbit
  7074 | D:9      | Paralysed by a hornet for 3 turns
  7151 | D:9      | Noticed a two-headed ogre
  7192 | D:9      | Killed a two-headed ogre
  7193 | D:9      | Reached skill level 1 in Translocations
  7293 | D:9      | Noticed a tengu warrior
  7302 | D:9      | Reached skill level 1 in Spellcasting
  7375 | D:9      | Killed a tengu warrior
  7376 | D:9      | Reached XP level 11. HP: 16/107 MP: 11/11
  7387 | D:9      | HP: 4/107 [troll (2)]
  7388 | D:9      | Mangled by a troll

Illustrated notes

Levels and vault maps discovered:
D:1:      doesnt_arrival_eight_statues, layout_basic
D:2:      layout_loops_ring, serial_aquarium, aquarium_bridge_long_joined
          [aquarium_subvault_bridge, aquarium_subvault_wall,
          aquarium_subvault_window, aquarium_subvault_window,
          aquarium_subvault_bridge, aquarium_subvault_wall],
          aquarium_window_fake, aquarium_window_1, aquarium_window_corner,
          aquarium_window_2, aquarium_view_2e, aquarium_balcony_3a,
          serial_shops, nicolae_shop_tiny_real_fake_doors, nicolae_square_shop,
          shop, minmay_crystal_room, grunt_ministairs_12, uniq_sigmund
D:3:      layout_rooms, lemuel_doored_altar, hellmonk_ecumenical_altar_zigzags,
          uniq_terence
D:4:      layout_loops_ring, gup_sewer_entry_bowl
D:5:      layout_basic, uniq_blork_the_orc
D:6:      layout_gridville, serial_co_window_serial, co_window_paths_a,
          co_window_paths_a, co_window_cross_1, co_window_paths_b,
          co_window_corner_a, co_window_cross_3, co_window_2corner,
          co_window_broadway_a, co_window_corner_b, co_window_corner_b,
          glass_columns_a
D:7:      layout_loops_corners, minmay_temple_entry_statues
D:8:      layout_rooms, nicolae_overflow_hallway_of_the_gods,
          erik_lair_orcish_takeover, gammafunk_ghost_icy
D:9:      layout_basic, nzn_random_ring, uniq_prince_ribbit1
Temple:   dpeg_chambers_temple

Skill      XL: |  1  2  3  4  5  6  7  8  9 10 |
---------------+-------------------------------+-----
Shields        | 3 4 5 6 7 |  7.4
Unarmed Combat | 3 4 5 6 7 9 10 | 10.8
Fighting       | 3 4 5 6 |  6.8
Dodging        | 3 4 5 6 |  6.8
Translocations | 1 |  1.5
Spellcasting   | 1 |  1.2

Action                     |  1- 3 |  4- 6 |  7- 9 | 10-12 || total
---------------------------+-------+-------+-------+-------++-------
  Melee: Unarmed           |    89 |    92 |   462 |   220 ||   863
  Throw: Dart              |       |       |       |     3 ||     3
Ability: Lunge             |       |       |       |    10 ||    10
    Use: Scroll            |       |     6 |     1 |     7 ||    14
         Potion            |       |       |       |     4 ||     4
   Stab: Sleeping          |     1 |       |     2 |       ||     3
 Armour: Robe              |    35 |    40 |   177 |   158 ||   410
  Dodge: Dodged            |    14 |    23 |   184 |   126 ||   347
  Block: Kite shield       |    28 |    38 |   214 |   126 ||   406

Table legend: (Time is in decaauts)
 A = Elapsed time spent in this place.
 B = Non-inter-level travel time spent in this place.
 C = Inter-level travel time spent in this place.
 D = Time resting spent in this place.
 E = Time spent auto-exploring this place.
 F = Levels seen in this place.
 G = Mean time per level.
                   A        B        C        D        E       F      G
               +--------+--------+--------+--------+--------+-----+--------+
         Total |   7370 |   6909 |    461 |    137 |   4776 |  11 |  670.0 |
       Dungeon |   7082 |   6622 |    460 |    137 |   4722 |   9 |  786.9 |
        Temple |      1 |      0 |      1 |      0 |      0 |   1 |    1.0 |
         Sewer |    285 |    285 |      0 |      0 |     54 |   1 |  285.0 |
               +--------+--------+--------+--------+--------+-----+--------+

Top non-repeatable levels by time:
     D:7: 1119 daAuts
     D:4: 916 daAuts
     D:6: 869 daAuts
     D:2: 798 daAuts
     D:1: 768 daAuts
     D:9: 757 daAuts
     D:5: 672 daAuts
     D:8: 658 daAuts
     D:3: 522 daAuts
   Sewer: 285 daAuts
  Temple: 1 daAuts
